 Dungeon Crawl Stone Soup version 0.29.1-13-g9f3cf754e1 (webtiles) character file.

Game seed: 2454087667538353428

5420 xian the Trooper (level 10, -7/79 HPs)
             Began as a Demonspawn Warper on Feb 7, 2023.
             Was a Believer of Fedhas.
             Killed from afar by a rime drake (8 damage)
             ... with a flash freeze
             ... on level 1 of the Lair of Beasts.
             The game lasted 00:26:41 (9803 turns).

xian the Trooper (Demonspawn Warper)                Turns: 9803, Time: 00:26:42

Health: -7/79      AC: 19    Str: 15    XL:     10   Next: 40%
Magic:  0/13       EV: 17    Int: 14    God:    Fedhas [**....]
Gold:   373        SH:  0    Dex: 14    Spells: 11/13 levels left

rFire   . . .      SeeInvis .   j - +2 dagger (vamp)
rCold   . . .      Faith    .   (no shield)
rNeg    . . .      Spirit   +   z - +3 ring mail {rPois}
rPois   +          Reflect  .   f - +1 helmet
rElec   .          Harm     .   p - scarf {shadows}
rCorr   .          Rampage  .   (no gloves)
Will    .....                   s - +0 pair of boots
Stlth   +.........              (no amulet)
HPRegen 0.23/turn               w - +4 ring of evasion
MPRegen 0.26/turn               k - +4 ring of protection

@: attractive
A: molten scales 2, magic shield, magic regeneration, weakness stinger 1
a: Renounce Religion, Wall of Briars


You were on level 1 of the Lair of Beasts.
You worshipped Fedhas.
Fedhas was pleased with you.
You visited 3 branches of the dungeon, and saw 11 of its levels.

You collected 373 gold pieces.

Inventory:

Hand Weapons
 j - a +2 vampiric dagger (weapon)
Missiles
 c - 9 stones
 d - a boomerang of dispersal
 l - 6 silver boomerangs
 n - 3 javelins
 o - a boomerang
 B - 3 poisoned darts (quivered)
Armour
 f - a +1 helmet (worn)
 p - a scarf of shadows (worn)
 s - a +0 pair of boots (worn)
 z - a +3 ring mail of poison resistance (worn)
Jewellery
 k - a +4 ring of protection (right hand)
 w - a +4 ring of evasion (left hand)
 C - a ring of protection from cold
Wands
 u - a wand of charming (2)
 x - a wand of iceblast (5)
 D - a wand of flame (15)
Scrolls
 a - 2 scrolls of poison
 e - a scroll of vulnerability
 g - a scroll of brand weapon
 i - a scroll of magic mapping
 m - a scroll of identify
 r - 3 scrolls of amnesia
Potions
 b - a potion of attraction
 q - a potion of mutation
 t - a potion of brilliance
 v - a potion of flight


   Skills:
 * Level 7.2 Fighting
 + Level 6.4 Short Blades
 + Level 2.2 Axes
 * Level 5.5 Throwing
 + Level 5.2 Armour
 + Level 5.4 Dodging
 + Level 1.6 Stealth
 + Level 2.0 Spellcasting
 + Level 3.2 Translocations
 * Level 5.1 Evocations


You had 11 spell levels left.
You knew the following spells:

 Your Spells              Type           Power      Damage    Failure   Level
a - Blink                 Tloc           20%        N/A       17%         2

Your spell library contained the following spells:

 Spells                   Type           Power      Damage    Failure   Level
 Gell's Gravitas          Tloc           10%        N/A       34%         3
 Lesser Beckoning         Tloc           10%        N/A       34%         3
 Teleport Other           Tloc           10%        N/A       34%         3
 Summon Small Mammal      Summ           4%         N/A       41%         1
 Portal Projectile        Hex/Tloc       10%        N/A       56%         3
 Call Canine Familiar     Summ           1%         N/A       78%         3
 Ozocubu's Armour         Ice            1%         N/A       78%         3
 Summon Guardian Golem    Hex/Summ       1%         N/A       78%         3
 Tukima's Dance           Hex            1%         N/A       78%         3
 Manifold Assault         Tloc           10%        N/A       97%         5
 Corpse Rot               Necr/Pois/Air  1%         N/A       99%         4
 Dispel Undead            Necr           1%         3d6       99%         4
 Blade Hands              Tmut           0%         N/A       100%        5
 Metabolic Englaciation   Hex/Ice        0%         N/A       100%        5
 Death Channel            Necr           0%         N/A       100%        6
 Simulacrum               Ice/Necr       0%         N/A       100%        6


Dungeon Overview and Level Annotations

Branches:
Dungeon (9/15)             Temple (1/1) D:4            Lair (1/5) D:9
    Orc: D:9-12

Altars:
Fedhas
Makhleb
Okawaru
Sif Muna
Wu Jian
Yredelemnul

Shops:
D:4 :


Innate Abilities, Weirdness & Mutations

You are mostly covered in molten scales. (AC +3)
When hurt, damage is shared between your health and your magic reserves.
You regenerate magic rapidly.
You have a small tail.


Message History

You struggle to resist.
The orc priest is attracted toward you. Something is attracted toward you.
Something is attracted toward you.
Items here: )) [ †.
The orc priest attacks as you move away!
The orc priest hits you but does no damage.
Something is attracted toward you.
The orc priest mumbles some strange prayers to Beogh against you.
Beogh smites you!
* * * LOW HITPOINT WARNING * * *
The orc priest is attracted toward you.
The orc priest attacks as you move away!
The orc priest hits you but does no damage.
The orc priest attacks as you move away!
The orc priest hits you but does no damage.
A steam dragon comes into view.
The steam dragon is attracted toward you.
The steam dragon bites you but does no damage.
The steam dragon completely misses you.
There is a staircase to the Lair here.
The orc priest invokes the aid of Beogh against you.
Beogh smites you!
* * * LOW HITPOINT WARNING * * *
The steam dragon misses you. The steam dragon completely misses you.
You climb downwards.
Welcome to the Lair of Beasts!
Reactivating autopickup.
The rime drake hisses angrily.
The rime drake is attracted toward you.
There is a staircase back to the Dungeon here.
Okay, then.
Okay, then.
Okay, then.
Aiming: Charm
Press: ? - help, Shift-Dir - straight line, f - rime drake
Aim: a rime drake (chance to affect: 62%)
The rime drake resists with significant effort.
The rime drake breathes ice at you. The flash freeze hits you!
You die...
Fedhas appreciates your contribution to the ecosystem.

#.. .
####..##.
........ #
......§.##.#.
.......#.....
#.....kD....#
#P....@....#
......o##.##
.#.#...# #
#.#.. .....
#...... #.
....


You could see a rime drake (catching breath), a steam dragon and an orc priest.

Vanquished Creatures
  A two-headed ogre (D:9)
  An elephant (D:9)
  6 yaks (D:7)
  A basilisk (D:9)
  4 wyverns
  2 water moccasins
  An orc warrior (D:8)
  A sky beast (D:7)
  An ice beast (D:7)
  A black bear (D:6)
  3 centaurs
  2 kobold brigands
  5 bullfrogs
  4 scorpions
  8 wights
  8 killer bees
  A howler monkey (D:3)
  3 jellies
  3 orc priests
  A hound (D:6)
  2 iguanas
  3 orc wizards
  6 gnolls
  8 adders
  2 shadow imps
  A white imp (D:7)
  A worm (D:3)
  2 dart slugs
  16 orcs
  7 ball pythons
  8 bats
  5 endoplasms
  5 giant cockroaches
  9 hobgoblins
  13 kobolds
  A frilled lizard (D:3)
  3 goblins
  7 rats
156 creatures vanquished.

Vanquished Creatures (others)
  2 fungi
  A plant (D:3)
3 creatures vanquished.

Grand Total: 159 creatures vanquished

Notes
Turn   | Place    | Note
-------+----------+-------------------------------------------
     0 | D:1      | xian the Demonspawn Warper began the quest for the Orb.
     0 | D:1      | Reached XP level 1. HP: 16/16 MP: 3/3
   277 | D:1      | Gained mutation: You have a small tail. [demonic ancestry]
   277 | D:1      | Reached XP level 2. HP: 19/22 MP: 5/5
   345 | D:1      | Reached skill level 1 in Armour
   565 | D:1      | Learned a level 2 spell: Blink
   777 | D:1      | Found a faded altar of an unknown god.
   818 | D:1      | Gained mutation: You regenerate magic rapidly. [demonic
                  | ancestry]
   818 | D:1      | Reached XP level 3. HP: 22/28 MP: 6/6
  1848 | D:2      | Reached XP level 4. HP: 34/34 MP: 7/7
  2465 | D:3      | Reached skill level 1 in Short Blades
  2594 | D:3      | Reached skill level 3 in Fighting
  2594 | D:3      | Reached skill level 1 in Throwing
  2699 | D:3      | Gained mutation: You are partially covered in molten
                  | scales. (AC +2) [demonic ancestry]
  2699 | D:3      | Reached XP level 5. HP: 41/41 MP: 8/8
  3099 | D:4      | Found Huxil's Book Shoppe.
  3542 | D:4      | Identified a scroll of acquirement
  3543 | D:4      | Acquired a +3 ring mail of poison resistance
  3593 | D:4      | Found a staircase to the Ecumenical Temple.
  3610 | Temple   | Entered the Ecumenical Temple
  3623 | Temple   | Became a worshipper of Fedhas Madash
  3755 | D:4      | Found a basalt altar of Yredelemnul.
  3759 | D:4      | Noticed a profane servitor
  3769 | D:4      | Noticed an angel
  3798 | D:5      | Entered Level 5 of the Dungeon
  3855 | D:5      | Gained mutation: You are mostly covered in molten scales.
                  | (AC +3) [demonic ancestry]
  3855 | D:5      | Reached XP level 6. HP: 33/48 MP: 9/9
  4390 | D:6      | Reached skill level 4 in Fighting
  4454 | D:6      | Reached XP level 7. HP: 54/54 MP: 10/10
  4616 | D:6      | Reached skill level 1 in Evocations
  5009 | D:7      | Reached * piety under Fedhas
  5014 | D:7      | Gained mutation: When hurt, damage is shared between your
                  | health and your magic reserves. [demonic ancestry]
  5014 | D:7      | Reached XP level 8. HP: 38/61 MP: 11/11
  5225 | D:7      | Reached skill level 5 in Fighting
  5686 | D:7      | Reached XP level 9. HP: 18/69 MP: 2/12
  6092 | D:7      | Reached skill level 6 in Fighting
  6116 | D:7      | Reached ** piety under Fedhas
  6247 | D:7      | Reached skill level 5 in Short Blades
  6700 | D:8      | Found a transporter.
  6703 | D:8      | Found a transporter.
  6719 | D:8      | Found a transporter.
  6719 | D:8      | Found a transporter.
  6721 | D:8      | Found a transporter.
  6721 | D:8      | Found a transporter.
  7083 | D:8      | HP: 2/71 [orc warrior/+0 war axe (4)]
  7120 | D:8      | HP: 3/71 [orc warrior/+0 war axe (6)]
  7631 | D:8      | Reached skill level 5 in Dodging
  7827 | D:8      | Reached skill level 1 in Stealth
  8545 | D:8      | Found an iron altar of Okawaru.
  8909 | D:9      | Noticed a two-headed ogre
  8937 | D:9      | Killed a two-headed ogre
  8938 | D:9      | Reached skill level 5 in Throwing
  8938 | D:9      | Reached skill level 5 in Armour
  8938 | D:9      | Reached XP level 10. HP: 69/77 MP: 13/13
  9123 | D:9      | Noticed an elephant
  9162 | D:9      | Killed an elephant
  9163 | D:9      | Reached skill level 7 in Fighting
  9574 | D:9      | Found a staircase to the Lair.
  9612 | D:9      | Reached skill level 5 in Evocations
  9801 | D:9      | HP: 1/79 [orc priest/divine providence (8)]
  9802 | Lair:1   | Entered Level 1 of the Lair of Beasts
  9803 | Lair:1   | Killed from afar by a rime drake

Illustrated notes

Levels and vault maps discovered:
D:1:      minmay_arrival_plants_in_alcoves, layout_basic,
          hellmonk_ecumenical_altar_defaced_shrine, grunt_decor_junction
D:2:      minmay_kobold_bridge, layout_basic, kennysheep_generic_room_11
D:3:      layout_basic, minmay_misc_feat_plants, saegor_snake_ambush
D:4:      layout_loops_ring, grunt_temple_overflow_holy_war,
          minmay_temple_entry_glassed_door, serial_shops, nicolae_stop_n_shop_1
D:5:      layout_basic, chequers_decorated_corner, uniq_blork_the_orc,
          uniq_sigmund
D:6:      layout_rooms
D:7:      layout_basic, enter_bailey_7
D:8:      kennysheep_spiral_hall, layout_layer_cave,
          nicolae_overflow_hidden_temple, serial_nicolae_subway,
          nicolae_sub_station_metal, nicolae_sub_station_crystal,
          nicolae_sub_station_stone
D:9:      layout_long_grid, mainiacjoe_overflow_alcove_2, lemuel_crystal_altar,
          david_lair_generic, serial_shops, kennysheep_mini
Temple:   nicolae_temple_god_jail
Lair:1:   gammafunk_boulding_lane, layout_misc_corridors,
          chequers_serial_rivers_small_b, beast_lair_carwin_3

Skill      XL: |  1  2  3  4  5  6  7  8  9 10 |
---------------+-------------------------------+-----
Translocations | 3 |  3.2
Armour         | 1 2 3 4 5 |  5.2
Axes           | 2 |  2.2
Short Blades   | 1 2 3 4 6 |  6.4
Fighting       | 3 4 5 6 7 |  7.2
Throwing       | 1 2 3 5 |  5.5
Dodging        | 2 3 4 5 |  5.4
Evocations     | 1 3 4 5 |  5.1
Stealth        | 1 |  1.6
Spellcasting   | |  2.0

Action                   |  1- 3 |  4- 6 |  7- 9 | 10-12 || total
-------------------------+-------+-------+-------+-------++-------
Melee: Hand axe          |    38 |       |       |       ||    38
       Dagger            |   112 |   186 |   883 |   208 ||  1389
       Tailslap          |     7 |    20 |   143 |    43 ||   213
       Punch             |     1 |     2 |    14 |     6 ||    23
Throw: Stone             |       |    35 |     3 |     2 ||    40
       Boomerang         |       |     7 |       |       ||     7
       Dart              |       |     1 |     7 |     8 ||    16
       Javelin           |       |     4 |       |       ||     4
Evoke: Wand              |       |    10 |       |     1 ||    11
  Use: Scroll            |     4 |     6 |     7 |     1 ||    18
       Potion            |       |     1 |     7 |     1 ||     9
 Stab: Sleeping          |     1 |       |       |       ||     1
       Invisible         |       |       |     2 |       ||     2
Armor: Leather armour    |    60 |    37 |       |       ||    97
       Ring mail         |       |    35 |   280 |    62 ||   377
Dodge: Dodged            |   115 |   171 |   644 |   139 ||  1069
